 Dungeon Sprint DCSS version 0.28.0-47-ge53b351184 (webtiles) character file.

Game seed: 1519874899429638156

5919 Hrothgar the Cleaver (level 11, -8/82 HPs)
             Began as a Human Fighter on May 1, 2022.
             Was an Elder of Qazlal.
             Mangled by a hornet (9 damage)
             ... in the Dungeon (Sprint I: "Red Sonja").
             The game lasted 00:10:48 (1951 turns).

Hrothgar the Cleaver (Human Fighter)                Turns: 1951, Time: 00:10:48

Health: -8/82      AC:  7    Str: 20    XL:     11   Next: 9%
Magic:  3/8        EV: 18    Int:  6    God:    Qazlal [****..]
Gold:   408        SH:  5    Dex: 12    Spells: 10/10 levels left

rFire   . . .      SeeInvis .   j - +3 halberd (flame)
rCold   + . .      Faith    .   (shield currently unavailable)
rNeg    . . .      Spirit   .   i - +2 ring mail {rC+}
rPois   .          Reflect  .   (no helmet)
rElec   .          Harm     .   (no cloak)
rCorr   .          Rampage  .   (no gloves)
Will    .....      NoTele   +   (no boots)
Stlth   ++........              (no amulet)
HPRegen 0.00/turn               d - +4 ring of evasion
MPRegen 0.11/turn               (no ring)

@: lethally poisoned (-8 -> -25), inhibited regen, slowed, repel missiles,
unable to read, very slow
A: talons 1, clumsy 1, deformed body, deterioration 1, dopey 2, frail 1, low MP
3, screaming 2, inhibited regeneration, strong 1, no potion heal 1, inability to
read while threatened, devolution 1
a: Renounce Religion, Upheaval, Elemental Force


You were in the Dungeon.
You worshipped Qazlal.
Qazlal was greatly pleased with you.
You visited 1 branch You collected 810 gold pieces.
You spent 402 gold pieces at shops.

Inventory:

Hand Weapons
 a - a +0 war axe
 j - a +3 halberd of flaming (weapon)
Missiles
 e - 4 curare-tipped darts (quivered)
Armour
 c - a +0 buckler
 i - a +2 ring mail of cold resistance (worn)
Jewellery
 d - a +4 ring of evasion (left hand)
Wands
 f - a wand of iceblast (14)
Potions
 g - 4 potions of heal wounds
 h - 2 potions of magic
 k - 2 potions of curing


   Skills:
 * Level 10.7 Fighting
 * Level 13.2(13.3) Axes
 + Level 1.0(8.5) Polearms
 * Level 5.3 Throwing
 * Level 11.4 Armour
 * Level 7.6 Dodging
 * Level 8.3 Stealth
 * Level 8.7 Shields
 * Level 2.3 Invocations
 * Level 6.8 Evocations


You had 10 spell levels left.
You didn't know any spells.
Your spell library was empty.

Dungeon Overview and Level Annotations

Branches:
Dungeon (1/1)

Altars:
Cheibriados
Dithmenos
Elyvilon
Fedhas
Gozag
Hepliaklqana
Kikubaaqudgha
Makhleb
Nemelex Xobeh
Okawaru
Qazlal
Ru
Sif Muna
Trog
Uskayaw
Vehumet
Wu Jian
Xom
Yredelemnul
Zin
The Shining One
Jiyva
Lugonu

Shops:
D ![(?([


Innate Abilities, Weirdness & Mutations

You have sharp toenails.
You are clumsy. (Dex -2)
Armour fits poorly on your strangely shaped body.
Your body sometimes deteriorates upon taking damage.
You are very dopey. (Int -4)
You are frail. (-10% HP)
Your magical capacity is extremely low. (-30% MP)
You frequently scream uncontrollably at your foes.
You do not regenerate when monsters are visible.
Your muscles are strong. (Str +2)
Potions are less effective at restoring your health.
You sometimes lose the ability to read scrolls when taking damage.
You have hidden genetic defects.


Message History

You see here a +0 mace.
Okay, then.
You hit the hornet. You burn the hornet. Your kick misses the hornet.
The hornet is lightly wounded.
The hornet misses you.
The demonic crawler shrieks in warning!
You closely miss the hornet. Your kick misses the hornet.
The hornet is lightly wounded.
The hornet misses you. You block the hornet's attack.
You hit the hornet but do no damage. Your kick misses the hornet.
The hornet is lightly wounded.
The demonic crawler shrieks in warning!
The hornet stings you!
You feel threatened and lose the ability to read scrolls!
You suddenly lose the ability to move!
You can read scrolls again.
The hornet stings you!
You feel yourself slow down. The hornet stings you.
* * * LOW HITPOINT WARNING * * *
You are poisoned.
You feel as though you will be slow longer.
You feel sick. The hornet stings you!
You feel threatened and lose the ability to read scrolls!
* * * LOW HITPOINT WARNING * * *
You feel as though you will be slow longer.
You can move again.
You closely miss the hornet. You claw the hornet.
The hornet is moderately wounded.
You feel very sick. The hornet barely misses you.
The demonic crawler shrieks in warning!
The hornet closely misses you. x2
You slash the hornet! You burn the hornet.
The hornet is heavily wounded.
You feel sick. The hornet stings you!
* * * LOW HITPOINT WARNING * * *
You are more poisoned.
You feel as though you will be slow longer.
The demonic crawler shrieks in warning!
The hornet stings you!
You die...

#<.#..)..#..').#__#..'...#
#.[)..#..'..#..'.ss..#...##+#
#.)#####'#####)#__####..9'..#
#..####..#...#.####§§#####..+
#..#__####..##.#≈§§.§ °##
#..#_____##'#_9c§§§.§
#⌠⌠#_.∩...'.§ss#§≈≈§.#
####_..__##_.#y##'####
#_____###'#@# ..?
############.####+###
#∩........'...'.....+
###''''####.).#######
#.......####.###
#........#.#'#.#
#..#.....#.....#
#........#.[...#
#.....#..#######


You could see 2 demonic crawlers, a centaur warrior, a hornet and a gargoyle.

Vanquished Creatures
  Sonja (D)
  A deep troll (D)
  8 shining eyes (D)
  2 kobold demonologists (D)
  Sigmund (D)
  A yak (D)
  5 floating eyes (D)
  An ogre (D)
  A jelly (D)
  Ijyb (D)
22 creatures vanquished.

Vanquished Creatures (collateral kills)
  A slime creature (D)
1 creature vanquished.

Vanquished Creatures (others)
  2 ballistomycete spores (D)
2 creatures vanquished.

Grand Total: 25 creatures vanquished

Notes
Turn   | Place    | Note
-------+----------+-------------------------------------------
     0 | D        | Hrothgar the Human Fighter began the quest for the Orb.
     0 | D        | Reached XP level 1. HP: 18/18 MP: 1/1
     2 | D        | Noticed Ijyb
    16 | D        | HP: 1/27 [Ijyb/+3 vampiric dagger (3)]
    18 | D        | Killed Ijyb
    19 | D        | Reached skill level 1 in Dodging
    19 | D        | Reached skill level 1 in Stealth
    19 | D        | Reached XP level 2. HP: 2/25 MP: 2/2
    19 | D        | Reached XP level 3. HP: 2/30 MP: 3/3
   290 | D        | Noticed an ogre
   298 | D        | Killed an ogre
   299 | D        | Reached skill level 5 in Fighting
   299 | D        | Reached skill level 3 in Axes
   299 | D        | Reached skill level 5 in Armour
   299 | D        | Reached skill level 5 in Shields
   299 | D        | Reached XP level 4. HP: 20/39 MP: 4/4
   299 | D        | Reached XP level 5. HP: 22/44 MP: 5/5
   462 | D        | Noticed Sigmund
   502 | D        | Killed Sigmund
   503 | D        | Reached skill level 4 in Axes
   503 | D        | Reached XP level 6. HP: 6/53 MP: 6/6
   801 | D        | Found an ornate altar of the Wu Jian Council.
   801 | D        | Found a shimmering blue altar of Sif Muna.
   803 | D        | Found a radiant altar of Vehumet.
   853 | D        | Found Puirema's Magic Scroll Emporium.
   853 | D        | Found an ancient bone altar of Kikubaaqudgha.
   853 | D        | Found a hazy altar of Hepliaklqana.
   853 | D        | Found a stormy altar of Qazlal.
   853 | D        | Found a hide-covered altar of Uskayaw.
   853 | D        | Found a blossoming altar of Fedhas.
   853 | D        | Found a bloodstained altar of Trog.
   853 | D        | Found an iron altar of Okawaru.
   853 | D        | Found a basalt altar of Yredelemnul.
   853 | D        | Found a glowing golden altar of the Shining One.
   853 | D        | Found a snail-covered altar of Cheibriados.
   853 | D        | Found a sacrificial altar of Ru.
   853 | D        | Found a glowing silver altar of Zin.
   853 | D        | Found a shadowy altar of Dithmenos.
   853 | D        | Found a white marble altar of Elyvilon.
   853 | D        | Noticed a yak
   868 | D        | Killed a yak
   869 | D        | Reached skill level 5 in Axes
   869 | D        | Reached XP level 7. HP: 29/60 MP: 7/7
  1033 | D        | Found an opulent altar of Gozag.
  1034 | D        | Found a sparkling altar of Nemelex Xobeh.
  1043 | D        | Became a worshipper of Qazlal Stormbringer
  1050 | D        | Noticed Sonja
  1054 | D        | Killed Sonja
  1055 | D        | Reached skill level 7 in Axes
  1055 | D        | Reached skill level 5 in Dodging
  1055 | D        | Reached skill level 5 in Stealth
  1055 | D        | Reached XP level 8. HP: 47/69 MP: 8/8
  1251 | D        | Found Lysom's Distillery.
  1259 | D        | Bought a potion of heal wounds for 55 gold pieces
  1259 | D        | Bought 2 potions of heal wounds for 110 gold pieces
  1259 | D        | Bought a potion of heal wounds for 55 gold pieces
  1269 | D        | Noticed a shining eye
  1269 | D        | Noticed a shining eye
  1269 | D        | Noticed a shining eye
  1269 | D        | Noticed a shining eye
  1269 | D        | Noticed a shining eye
  1269 | D        | Noticed a shining eye
  1271 | D        | Gained mutation: Your magical capacity is low. (-10% MP) [a
                  | shining eye]
  1271 | D        | Paralysed by a floating eye for 2 turns
  1272 | D        | Gained mutation: You are clumsy. (Dex -2) [a shining eye]
  1273 | D        | Reached * piety under Qazlal
  1273 | D        | Gained mutation: You are dopey. (Int -2) [a shining eye]
  1273 | D        | Noticed a shining eye
  1273 | D        | Noticed a shining eye
  1273 | D        | Gained mutation: You have sharp toenails. [a shining eye]
  1274 | D        | Reached skill level 1 in Throwing
  1274 | D        | Paralysed by a floating eye for 3 turns
  1274 | D        | Gained mutation: You sometimes lose the ability to read
                  | scrolls when taking damage. [a shining eye]
  1275 | D        | Gained mutation: You occasionally shout uncontrollably at
                  | your foes. [a shining eye]
  1277 | D        | Gained mutation: Your magical capacity is very low. (-20%
                  | MP) [a shining eye]
  1279 | D        | Reached skill level 10 in Armour
  1279 | D        | Gained mutation: Your muscles are strong. (Str +2) [a
                  | shining eye]
  1279 | D        | Gained mutation: You do not regenerate when monsters are
                  | visible. [a shining eye]
  1279 | D        | Gained mutation: Armour fits poorly on your strangely
                  | shaped body. [a shining eye]
  1279 | D        | Gained mutation: Potions are less effective at restoring
                  | your health. [a shining eye]
  1280 | D        | Reached skill level 8 in Axes
  1280 | D        | Reached XP level 9. HP: 75/75 MP: 7/7
  1288 | D        | Killed a shining eye
  1288 | D        | Reached ** piety under Qazlal
  1289 | D        | Reached skill level 5 in Evocations
  1295 | D        | Killed a shining eye
  1296 | D        | Reached skill level 9 in Axes
  1296 | D        | Lost mutation: You are clumsy. (Dex -2) [a shining eye]
  1302 | D        | Gained mutation: You frequently scream uncontrollably at
                  | your foes. [a shining eye]
  1304 | D        | Killed a shining eye
  1304 | D        | Gained mutation: Your body sometimes deteriorates upon
                  | taking damage. [a shining eye]
  1305 | D        | Reached skill level 10 in Axes
  1310 | D        | Gained mutation: You have hidden genetic defects. [a
                  | shining eye]
  1314 | D        | Killed a shining eye
  1314 | D        | Reached *** piety under Qazlal
  1315 | D        | Reached XP level 10. HP: 85/85 MP: 8/8
  1320 | D        | Killed a shining eye
  1320 | D        | Gained mutation: Your magical capacity is extremely low.
                  | (-30% MP) [a shining eye]
  1321 | D        | Reached skill level 10 in Fighting
  1321 | D        | Reached skill level 11 in Axes
  1322 | D        | Gained mutation: You are very dopey. (Int -4) [a shining
                  | eye]
  1327 | D        | Killed a shining eye
  1327 | D        | Killed a shining eye
  1328 | D        | Reached skill level 12 in Axes
  1333 | D        | Killed a shining eye
  1333 | D        | Reached **** piety under Qazlal
  1333 | D        | Gained mutation: You are clumsy. (Dex -2) [hidden defects]
  1346 | D        | Found Noxo Vao's Antique Armour Shoppe.
  1346 | D        | Found Utyxzos's Antique Weapon Shop.
  1346 | D        | Found Jipis's Antique Weapon Emporium.
  1346 | D        | Found Bijehohi's Antique Armour Boutique.
  1363 | D        | Bought a runed halberd for 182 gold pieces
  1436 | D        | Noticed a deep troll
  1441 | D        | Killed a deep troll
  1442 | D        | Reached skill level 5 in Throwing
  1442 | D        | Reached skill level 1 in Invocations
  1459 | D        | Gained mutation: You have terrible hidden genetic defects.
                  | [hidden defects]
  1459 | D        | Lost mutation: You have terrible hidden genetic defects.
                  | [hidden defects expressed]
  1470 | D        | Found a burning altar of Makhleb.
  1470 | D        | Found a viscous altar of Jiyva.
  1470 | D        | Found a shimmering altar of Xom.
  1470 | D        | Found a corrupted altar of Lugonu.
  1622 | D        | Noticed a kobold demonologist
  1622 | D        | Noticed a kobold demonologist
  1625 | D        | Reached skill level 13 in Axes
  1631 | D        | Noticed an ice devil
  1642 | D        | Killed a kobold demonologist
  1643 | D        | Reached XP level 11. HP: 60/92 MP: 7/8
  1646 | D        | Reached skill level 1 in Polearms
  1664 | D        | Gained mutation: You are frail. (-10% HP) [hidden defects]
  1940 | D        | Noticed a centaur warrior
  1940 | D        | Noticed a centaur warrior
  1947 | D        | Paralysed by a hornet for 3 turns
  1951 | D        | HP: 1/82 [hornet (7)]
  1951 | D        | Mangled by a hornet

Illustrated notes

Levels and vault maps discovered:
D:        dungeon_sprint_1 [red_sonja_temple_1, red_sonja_temple_small_1]

Skill      XL: |  1  2  3  4  5  6  7  8  9 10 11 |
---------------+----------------------------------+-----
Fighting       | 4 5 6 7 8 9 10 | 10.7
Armour         | 4 5 7 8 9 10 11 | 11.4
Dodging        | 1 2 3 4 5 6 7 |  7.6
Stealth        | 1 2 4 5 6 7 8 |  8.3
Shields        | 4 5 6 7 8 |  8.7
Axes           | 3 4 5 7 8 10 13 | 13.2
Evocations     | 2 3 4 5 6 |  6.8
Throwing       | 1 3 5 |  5.3
Invocations    | 2 |  2.3
Polearms       | 1 |  1.0

Action                   |  1- 3 |  4- 6 |  7- 9 | 10-12 || total
-------------------------+-------+-------+-------+-------++-------
Melee: War axe           |    19 |    23 |    36 |    16 ||    94
       Kick              |       |       |    20 |    18 ||    38
       Halberd           |       |       |       |    24 ||    24
Throw: Dart              |       |       |       |     5 ||     5
Invok: Elemental Force   |       |       |       |     2 ||     2
       Upheaval          |       |       |       |     1 ||     1
Evoke: Wand              |     1 |     1 |     4 |     1 ||     7
  Use: Potion            |     3 |     2 |       |       ||     5
       Scroll            |       |     1 |       |     2 ||     3
 Stab: Sleeping          |       |     1 |       |       ||     1
Armor: Scale mail        |     2 |       |       |       ||     2
       Ring mail         |       |     2 |       |     5 ||     7
Dodge: Dodged            |     5 |    12 |     1 |    42 ||    60
Block: Buckler           |     1 |     4 |       |       ||     5
       Other             |       |       |       |    10 ||    10
